 Dungeon Crawl Stone Soup version 0.27.0-1-g7a089689b8 (webtiles) character file.

Game seed: 1084686833214074567

197 Strat the Ruffian (level 5, 0/41 HPs)
             Began as a Ghoul Arcane Marksman on Aug 4, 2021.
             Slain by a black bear (2 damage)
             ... on level 6 of the Dungeon.
             The game lasted 00:06:22 (2709 turns).

Strat the Ruffian (Ghoul Arcane Marksman)           Turns: 2709, Time: 00:06:22

Health: 0/41       AC:  6    Str: 15    XL:     5   Next: 75%
Magic:  5/5        EV:  9    Int:  8    God:
Gold:   110        SH:  0    Dex:  9    Spells: 5/6 levels left

rFire    . . .     SeeInvis .     - Unarmed
rCold    + . .     Faith    .   (no shield)
rNeg     + + +     Spirit   .   h - +0 scale mail
rPois    ∞         Reflect  .   (no helmet)
rElec    .         Harm     .   (no cloak)
rCorr    .         Rampage  .   (no gloves)
Will     .....                  (no boots)
Stlth    ..........             (no amulet)
HPRegen  0.00/turn              (no ring)
MPRegen  0.09/turn              (no ring)

@: inhibited regen
A: claws 1, cold resistance 1, negative energy resistance 3, inhibited
regeneration, torment resistance 2
a: no special abilities


You were on level 6 of the Dungeon.
You visited 1 branch of the dungeon, and saw 5 of its levels.

You collected 110 gold pieces.

Inventory:

Hand Weapons
 a - a +0 hunting sling
Missiles
 b - 75 stones (quivered)
 c - 53 sling bullets
Armour
 d - a +0 robe
 f - a +0 kite shield
 h - a +0 scale mail (worn)
Jewellery
 m - a ring of resist corrosion
Wands
 n - a wand of digging (3)
Scrolls
 j - a scroll of enchant weapon {unknown}
 l - a scroll of identify {unknown}
Potions
 e - 2 potions of attraction {unknown}
 g - 2 potions of flight {unknown}
 k - a potion of degeneration {unknown}


   Skills:
 + Level 2.0 Fighting
 - Level 1.7 Slings
 + Level 1.0 Armour
 - Level 1.7 Dodging
 + Level 5.3 Unarmed Combat
 - Level 1.0 Spellcasting
 - Level 2.4 Hexes


You had 5 spell levels left.
You knew the following spells:

 Your Spells              Type           Power      Damage    Failure   Level
a - Corona                Hex            4%         N/A       52%         1

Your spell library contained the following spells:

 Spells                   Type           Power      Damage    Failure   Level
 Slow                     Hex            4%         N/A       67%         2
 Blink                    Tloc           N/A        N/A       94%         2
 Static Discharge         Conj/Air       0%         N/A       94%         2
 Inner Flame              Hex/Fire       2%         N/A       96%         3
 Portal Projectile        Hex/Tloc       4%         N/A       96%         3
 Lesser Beckoning         Tloc           0%         N/A       99%         3
 Cause Fear               Hex            2%         N/A       99%         4
 Dispel Undead            Necr           0%         3d6       100%        4
 Sticky Flame             Conj/Fire      0%         2d3       100%        4
 Manifold Assault         Tloc           0%         N/A       100%        5
 Dispersal                Tloc           0%         N/A       100%        6
 Disjunction              Tloc           0%         N/A       100%        8


Dungeon Overview and Level Annotations

Branches:
Dungeon (6/15)
 Temple: D:4-7

Altars:

Annotations:
D:2 1 runed translucent door, Crazy Yiuf, Sigmund
D:3 Grinder
D:5 Dowan, Duvessa


Innate Abilities, Weirdness & Mutations

You thrive by killing the living.
You are immune to poison.
You have sharp fingernails.
Your flesh is cold resistant. (rC+)
You are immune to negative energy. (rN+++)
You do not regenerate when monsters are visible.
You are immune to unholy pain and torment.


Message History

You barely miss Duvessa.
Duvessa is heavily wounded.
Duvessa closely misses you.
You scratch Duvessa.
Duvessa is heavily wounded.
You scratch Duvessa but do no damage.
Duvessa is heavily wounded.
Duvessa hits you with a +0 rapier!
* * * LOW HITPOINT WARNING * * *
As you read the scroll of teleportation, it crumbles to dust.
You feel strangely unstable. Duvessa barely misses you.
Your surroundings seem slightly different.
Duvessa hits you with a +0 rapier.
* * * LOW HITPOINT WARNING * * *
Duvessa hits you but does no damage.
Dowan shouts!
Dowan casts a spell at you. The puff of frost hits you. You resist.
* * * LOW HITPOINT WARNING * * *
Dowan casts a spell at you. The puff of flame hits you.
* * * LOW HITPOINT WARNING * * *
Dowan barely misses you.
There is an open door here.
There is an open door here.
Dowan points at you and mumbles some strange words.
You are outlined in light.
There is a stone staircase leading down here.
Duvessa says, "My weaknesses are his strengths!"
You climb downwards.
You hear the sound of rushing water.
There is an entrance to a sewer on this level.
Hurry and find it before the portal rusts away!
The walls and floor vibrate strangely for a moment.
There is a stone staircase leading up here.
The kobold shouts!
Found a scroll labelled SOITTU FATAC.
You are no longer glowing.
You see here a scroll labelled SOITTU FATAC.
The black bear bites you.
You die...

#...##...######)...###
##
##<.##.......))K.###
....#...#...######..#
#....K...#....# #..#
####.#.#...##h# #..#
...#.##.###.# #..#
#####.##.# #.# #...
#h##.###.###.###
#.@........#.#
####.###.#.# #.# #.#.#
#.# #.# # ..# ..# #.#
### #.. ..


You could see a black bear and a kobold.

Vanquished Creatures
  A water moccasin zombie (D:6)
  A scorpion (D:5)
  A hound (D:5)
  A worm (D:2)
  A dart slug (D:1)
  5 endoplasms
  A giant cockroach (D:3)
  2 goblins (D:1)
  3 hobgoblins
  6 jackals
  A quokka (D:1)
  5 ball pythons
  7 bats
  10 kobolds
  3 rats
48 creatures vanquished.

Vanquished Creatures (others)
  50 plants (D:6)
50 creatures vanquished.

Grand Total: 98 creatures vanquished

Notes
Turn   | Place    | Note
-------+----------+-------------------------------------------
     0 | D:1      | Strat the Ghoul Arcane Marksman began the quest for the
                  | Orb.
     0 | D:1      | Reached XP level 1. HP: 16/16 MP: 1/1
   284 | D:1      | Reached skill level 1 in Unarmed Combat
   355 | D:1      | Reached XP level 2. HP: 23/23 MP: 2/2
   425 | D:1      | Reached skill level 2 in Unarmed Combat
   725 | D:1      | Reached XP level 3. HP: 18/28 MP: 3/3
  1246 | D:2      | Reached skill level 3 in Unarmed Combat
  1430 | D:2      | Noticed Sigmund
  1756 | D:2      | Found a runed translucent door.
  1757 | D:2      | Noticed Crazy Yiuf
  1870 | D:3      | Noticed Grinder
  1886 | D:3      | You fall into a shaft and drop 3 floors!
  1886 | D:6      | Noticed a kobold brigand
  1921 | D:5      | Entered Level 5 of the Dungeon
  2052 | D:5      | Reached skill level 4 in Unarmed Combat
  2052 | D:5      | Reached XP level 4. HP: 29/35 MP: 4/4
  2124 | D:5      | Noticed a scorpion
  2132 | D:5      | Killed a scorpion
  2133 | D:5      | Reached skill level 5 in Unarmed Combat
  2133 | D:5      | Reached XP level 5. HP: 33/40 MP: 5/5
  2199 | D:5      | Noticed Duvessa
  2199 | D:5      | Noticed Dowan
  2269 | D:6      | Reached skill level 1 in Armour
  2319 | D:6      | Noticed a black bear
  2603 | D:5      | Noticed a phantom
  2661 | D:5      | HP: 2/41 [Dowan/puff of flame (3)]
  2709 | D:6      | Slain by a black bear

Illustrated notes

Levels and vault maps discovered:
D:1:      pf_arrival_petrified_forest, layout_loops_ring
D:2:      layout_rooms, uniq_crazy_yiuf_cottage, uniq_sigmund
D:3:      cheibrodos_greedy_goblins, layout_loops_ring,
          nicolae_tso_swordbearing_angel, old_standard_altar,
          ebering_ecumenical_altar_box, minivault_24, uniq_jessica, uniq_grinder
D:5:      layout_loops_corners, mainiacjoe_overflow_chevrons,
          overflow_temple_1_default, minmay_checkerbox, uniq_duvessa,
          uniq_pikel, uniq_prince_ribbit1
D:6:      kennysheep_kobold_camp, layout_loops_ring, gup_sewer_entry_bubbles,
          minmay_manual_maat

Skill      XL: |  1  2  3  4  5 |
---------------+----------------+-----
Unarmed Combat | 1 2 4 5 |  5.3
Fighting       | 2 |  2.0
Armour         | 1 |  1.0
Slings         | |  1.7
Dodging        | |  1.7
Spellcasting   | |  1.0
Hexes          | |  2.4

Action                   |  1- 3 |  4- 6 || total
-------------------------+-------+-------++-------
Melee: Unarmed           |    51 |    43 ||    94
       Punch             |     1 |     1 ||     2
 Fire: Hunting sling     |    75 |       ||    75
 Cast: Corona            |     1 |       ||     1
  Use: Scroll            |       |     2 ||     2
Armor: Robe              |    11 |       ||    11
       Scale mail        |    18 |    14 ||    32
Dodge: Dodged            |    57 |    22 ||    79
